 Dungeon Crawl Stone Soup version 0.20.1-1-g8b1a95d (webtiles) character file.

109 Biabri the Chopper (level 4, -2/41 HPs)
             Began as a Minotaur Berserker on Sept 14, 2017.
             Was a Believer of Trog.
             Succumbed to kobold's curare-tipped needle
             ... on level 3 of the Dungeon.
             The game lasted 00:02:24 (1202 turns).

Biabri the Chopper (Minotaur Berserker)             Turns: 1202, Time: 00:02:24

Health: -2/41      AC:  2    Str: 28    XL:     4   Next: 59%
Magic:  3/3        EV: 12    Int:  4    God:    Trog [**....]
Gold:   129        SH:  0    Dex:  9    Spells: 3/3 levels left

rFire    . . .     SeeInvis .   a - +0 hand axe
rCold    . . .     Gourm    .   (no shield)
rNeg     . . .     Faith    .   b - +0 animal skin
rPois    .         Spirit   .   (helmet restricted)
rElec    .         Reflect  .   (no cloak)
rCorr    .         Harm     .   (no gloves)
MR       .....                  (no boots)
Stlth    +.........             (no amulet)
Regen    0.2/turn               (no ring)
MPRegen  0.1/turn               (no ring)

@: mighty, lethally poisoned (-2 -> -60), slowed, very slow
A: retaliatory headbutt, horns 2
a: Berserk, Trog's Hand, Burn Spellbooks, Renounce Religion


You were on level 3 of the Dungeon.
You worshipped Trog.
Trog was pleased with you.
You were not hungry.

You visited 1 branch of the dungeon, and saw 3 of its levels.

You collected 129 gold pieces.

Inventory:

Hand Weapons
 a - a +0 hand axe (weapon)
Armour
 b - a +0 animal skin (worn)
Jewellery
 h - an uncursed ring of wizardry {unknown}
 o - an uncursed ring of stealth {unknown}
Scrolls
 f - 2 scrolls of random uselessness {unknown}
 i - a scroll of remove curse {unknown}
 k - 3 scrolls of identify {unknown}
 l - 2 scrolls of amnesia {unknown}
 n - 2 scrolls of fear {unknown}
Potions
 e - a potion of flight {unknown}
 g - 2 potions of mutation {unknown}
 j - a potion of agility {unknown}
 m - 3 potions of curing {unknown}
Comestibles
 c - a meat ration


   Skills:
 * Level 4.6 Fighting
 * Level 5.3 Axes
 + Level 2.5 Armour
 + Level 2.8 Dodging
 + Level 0.3 Stealth


You had 3 spell levels left.
You didn't know any spells.

Dungeon Overview and Level Annotations

Branches:
Dungeon (3/15)

Altars:
Elyvilon
Makhleb


Innate Abilities, Weirdness & Mutations

You reflexively headbutt those who attack you in melee.
You have a pair of horns on your head.


Message History

You have difficulty breathing.
You feel as though you will be slow longer.
A rat comes into view.
You feel very sick.
The kobold shoots a curare-tipped needle.
The curare-tipped needle hits you.
You are more poisoned.
You have difficulty breathing.
You feel as though you will be slow longer.
The goblin hits you but does no damage.
The kobold shoots a curare-tipped needle.
The curare-tipped needle hits you.
You are more poisoned.
You have difficulty breathing.
* * * LOW HITPOINT WARNING * * *
You feel as though you will be slow longer.
You see here 2 curare-tipped needles.
It was a potion of might.
You feel very mighty all of a sudden.
You die...

.# ##.# #
#######..# ..
###........###..
.............K. .
.....?......##r..
##...........g..
#......(@g......
#.##..#.##......
... #.##.## .....
....... ...#...#
.... .....# ...
#.8.# ... ....#
..... #...# ..
...# .... ##.## #
#..# ..#. #.#
###..# ##.##
#########.....


You could see 2 goblins, a kobold and a rat (wandering).

Vanquished Creatures
  Terence (D:2)
  3 adders (D:2)
  2 dart slugs
  A leopard gecko (D:1)
  7 bats
  5 giant cockroaches
  3 goblins
  10 hobgoblins
  3 jackals (D:2)
  2 ball pythons (D:2)
  2 frilled lizards (D:1)
  5 kobolds
  7 rats
51 creatures vanquished.

Notes
Turn   | Place    | Note
-------+----------+-------------------------------------------
     0 | D:1      | Biabri the Minotaur Berserker began the quest for the Orb.
     0 | D:1      | Reached XP level 1. HP: 19/19 MP: 0/0
   157 | D:1      | Reached XP level 2. HP: 20/27 MP: 1/1
   222 | D:1      | Reached skill level 4 in Axes
   517 | D:2      | Reached XP level 3. HP: 29/34 MP: 2/2
   528 | D:2      | Reached ** piety under Trog
   657 | D:2      | Noticed Terence
   667 | D:2      | Killed Terence
   667 | D:2      | Reached skill level 5 in Axes
   667 | D:2      | Reached XP level 4. HP: 34/41 MP: 3/3
   825 | D:2      | Found a burning altar of Makhleb.
   876 | D:2      | You fall through a shaft!
  1178 | D:3      | Found a white marble altar of Elyvilon.
  1202 | D:3      | Succumbed to kobold's curare-tipped needle

Skill      XL: |  1  2  3 |
---------------+----------+-----
Fighting       | 4 |  4.6
Axes           | 4 5 |  5.3
Armour         | |  2.5
Dodging        | |  2.8
Stealth        | |  0.3

Action                   |  1- 3 |  4- 6 || total
-------------------------+-------+-------++-------
Melee: Hand axe          |    65 |    18 ||    83
       Headbutt          |    10 |     5 ||    15
  Use: Potion            |       |     1 ||     1
  Eat: Bread ration      |       |     1 ||     1
Armor: Animal skin       |    16 |     2 ||    18
Dodge: Dodged            |    42 |    15 ||    57
